Map: 10000 Feet LE

Players

GhostRobo - Winner!

  • Race: Terran Terran
  • Spawn Location: 11:00

bAalTa

  • Race: Terran Terran
  • League: Bronze
  • Spawn Location: 5:00

VOD

Have the link to the VOD?

Description

Time

  • Played on: Dec. 11, 2025, 1:32 p.m.
  • Length: 26:58
Show
View Real Time Build Order
Export as new Build Order

GhostRobo Terran - Winner!

Build Orders:  

Get SALT Encoding   

  12  0:00  SCV  
  13  0:15  Supply Depot  
  13  0:17  SCV  
  14  0:32  SCV  
  15  0:42  Barracks  
  15  0:44  SCV  
  16  0:56  SCV  
  17  0:57  Refinery  
  17  1:09  SCV  
  18  1:27  SCV  
  19  1:33  Command Center  
  19  1:39  Orbital Command  
  19  1:48  Barracks Reactor  
  19  2:09  SCV  
  20  2:21  SCV  
  20  2:33  SCV, Barracks  
  20  2:34  Barracks  
  21  2:39  Refinery  
  21  2:44  Marine x2  
  21  2:50  Supply Depot  
  23  2:52  Orbital Command  
  23  3:02  Marine x2  
  25  3:07  SCV  
  26  3:19  SCV, Marine  
  27  3:23  SCV  
  29  3:27  Marine  
  29  3:31  SCV  
  31  3:35  SCV  
  31  3:37  Marine, Barracks Tech Lab x2  
  33  3:44  SCV  
  33  3:45  Marine  
  33  3:47  SCV, Supply Depot  
  36  3:55  Marine  
  36  3:56  SCV  
  36  3:59  SCV  
  36  4:02  Bunker  
  39  4:06  Marine  
  39  4:07  Marine x2  
  39  4:08  SCV  
  43  4:11  SCV  
  43  4:13  Marine  
  43  4:16  Factory  
  45  4:19  Combat Shield  
  45  4:20  SCV  
  45  4:21  Stimpack  
  45  4:24  SCV  
  47  4:25  Marauder  
  47  4:31  Supply Depot  
  49  4:38  Refinery  
  49  4:45  Engineering Bay  
  49  4:58  Barracks  
  49  4:59  Supply Depot  
  49  5:00  Barracks  
  49  5:01  Marine x4  
  53  5:07  Factory Reactor  
  53  5:13  Starport  
  53  5:23  Marine x3  
  53  5:24  Marine  
  57  5:32  Supply Depot  
  57  5:34  SCV  
  58  5:41  SCV  
  58  5:42  Marauder  
  61  5:46  SCV  
  61  5:49  Marine x2  
  65  5:53  SCV  
  65  5:55  Barracks Tech Lab  
  66  5:58  SCV  
  66  6:05  Barracks Reactor  
  66  6:06  Terran Infantry Weapons Level 1, Missile Turret  
  66  6:24  Marine x2  
  66  6:25  Marine x3  
  71  6:27  Factory Tech Lab  
  71  6:28  SCV x2  
  73  6:34  Refinery  
  73  6:39  Supply Depot  
  73  6:40  SCV x2  
  73  6:43  Marauder  
  77  6:47  Engineering Bay  
  77  6:52  SCV  
  78  6:54  Supply Depot  
  81  7:01  SCV, Marauder  
  81  7:03  Supply Depot  
  81  7:04  SCV  
  82  7:11  Siege Tank  
  82  7:13  SCV  
  86  7:16  SCV  
  86  7:19  Supply Depot  
  87  7:25  SCV  
  87  7:28  SCV  
  89  7:31  Medivac x2  
  89  7:35  Marine x4  
  89  7:36  Marauder x2  
  101  7:43  Siege Tank  
  104  7:52  Supply Depot  
  104  7:59  Supply Depot  
  104  8:01  Medivac x2  
  108  8:15  Siege Tank  
  111  8:21  Marine  
  111  8:22  Marine x3  
  111  8:23  Marauder x2  
  111  8:26  SCV x2  
  121  8:31  Medivac x2  
  125  8:38  SCV  
  126  8:41  Supply Depot  
  126  8:44  Supply Depot  
  126  8:51  Terran Infantry Armor Level 1  
  125  8:55  Siege Tank  
  110  9:05  Supply Depot  
  110  9:07  Supply Depot  
  99  9:21  Sensor Tower  
  99  9:27  Siege Tank  
  99  9:28  Missile Turret  
  102  9:33  Missile Turret  
  102  9:35  Missile Turret  
  102  9:41  Missile Turret  
  102  9:42  Missile Turret  
  102  9:43  Marine x3, Missile Turret  
  102  9:44  Marine, Marauder  
  102  9:45  Marauder x2  
  112  9:47  Medivac x2  
  112  9:48  Missile Turret  
  116  9:59  Siege Tank  
  119  10:02  SCV x2  
  121  10:10  Command Center  
  121  10:14  SCV  
  121  10:17  Viking x2  
  126  10:31  SCV  
  126  10:32  Siege Tank  
  130  10:47  Viking x2  
  134  11:07  Marine x3  
  134  11:08  Marine x2  
  134  11:09  Marauder x2  
  134  11:10  Siege Tank  
  146  11:17  Medivac x2  
  150  11:26  Marauder  
  150  11:30  Marauder  
  154  11:43  Siege Tank  
  157  11:47  Viking x2  
  115  12:15  Siege Tank  
  114  12:16  Orbital Command  
  114  12:17  Viking  
  114  12:20  SCV x2  
  118  12:27  Viking  
  114  12:31  Marine  
  114  12:32  SCV, Marine x5  
  114  12:33  Marauder  
  123  12:47  Starport, Viking  
  123  12:49  Marine x2  
  123  12:50  Marine, Marauder  
  123  12:51  Marauder  
  132  12:54  Marauder  
  132  12:57  Viking  
  136  13:07  Starport  
  136  13:08  Starport  
  136  13:11  Missile Turret  
  136  13:12  Missile Turret, Marauder  
  138  13:17  Viking  
  140  13:27  Viking  
  142  13:33  Supply Depot  
  142  13:34  Refinery  
  142  13:35  Supply Depot  
  142  13:47  Viking  
  144  13:56  Viking  
  144  13:57  Supply Depot  
  144  13:59  Supply Depot  
  144  14:02  Command Center  
  146  14:09  Missile Turret  
  146  14:10  Starport Reactor x2  
  146  14:17  Viking  
  146  14:18  Starport Reactor  
  148  14:26  Viking  
  148  14:27  Armory  
  148  14:28  Missile Turret x2  
  148  14:30  Armory  
  150  14:48  Missile Turret  
  150  14:54  Missile Turret x2  
  150  14:58  SCV x2  
  150  14:59  SCV  
  153  15:10  SCV  
  154  15:15  Missile Turret  
  154  15:18  Missile Turret  
  154  15:21  Armory  
  154  15:32  Viking x8  
  170  15:38  Terran Ship Weapons Level 1  
  170  15:42  Terran Infantry Weapons Level 2  
  170  15:43  Terran Infantry Armor Level 2  
  170  15:55  Refinery  
  170  16:02  Viking x8  
  170  16:04  Refinery  
  186  16:08  Planetary Fortress  
  186  16:13  SCV x3  
  190  16:31  Viking  
  190  16:32  Viking  
  193  16:54  Missile Turret x2  
  193  16:55  Missile Turret x2  
  193  16:56  Missile Turret x3  
  193  16:59  Command Center  
  193  17:20  Terran Vehicle And Ship Armor Level 1  
  193  17:59  Neosteel Armor  
  193  18:34  Sensor Tower  
  193  18:41  Missile Turret  
  193  18:42  Missile Turret  
  193  18:43  Missile Turret x2  
  193  18:46  Missile Turret  
  193  18:59  Missile Turret  
  193  19:05  Orbital Command  
  193  19:07  Missile Turret  
  193  19:09  Missile Turret  
  193  19:11  Missile Turret  
  193  19:12  Missile Turret  
  193  19:14  Missile Turret  
  193  19:27  Missile Turret  
  193  19:29  Terran Vehicle Weapons Level 1  
  193  19:31  Terran Vehicle And Ship Armor Level 2  
  193  19:32  Terran Ship Weapons Level 2  
  193  19:37  Missile Turret  
  193  19:39  Terran Infantry Weapons Level 3  
  193  19:41  Terran Infantry Armor Level 3, Missile Turret  
  193  19:45  Missile Turret  
  193  19:46  Missile Turret  
  193  19:49  Missile Turret  
  193  20:00  Missile Turret  
  193  20:01  Ghost Academy  
  193  20:02  Missile Turret  
  193  20:05  Missile Turret  
  193  20:08  Missile Turret  
  193  20:09  Missile Turret x2  
  193  20:26  Barracks x2, Missile Turret  
  193  20:27  Barracks  
  193  20:29  Barracks  
  193  20:51  Factory x2  
  193  20:52  Factory  
  193  20:53  Factory  
  193  21:23  Refinery  
  193  21:30  Refinery  
  193  21:38  Missile Turret x2  
  193  21:40  Missile Turret x2  
  193  21:59  Missile Turret  
  193  22:01  Missile Turret  
  193  22:04  Missile Turret  
  193  22:07  Missile Turret  
  193  22:22  Nuke  
  193  22:23  Missile Turret  
  193  22:25  Missile Turret  
  193  22:27  Ghost Academy  
  193  22:30  Missile Turret  
  193  22:33  Missile Turret  
  193  22:41  Missile Turret  
  193  22:47  Missile Turret  
  193  22:51  Missile Turret  
  193  22:55  Factory Tech Lab x2  
  193  22:56  Factory Tech Lab  
  193  22:57  Factory Tech Lab  
  193  23:00  Missile Turret, Ghost Academy  
  193  23:03  Siege Tank, Missile Turret  
  196  23:08  Missile Turret, Barracks Tech Lab, Barracks Reactor  
  196  23:09  Barracks Tech Lab  
  196  23:12  Missile Turret x2  
  178  23:20  Missile Turret  
  176  23:28  Barracks Reactor  
  176  23:30  Ghost Academy  
  176  23:35  Siege Tank  
  176  23:40  Missile Turret  
  178  24:07  Siege Tank  
  181  24:10  Marine x3  
  181  24:11  Marine x5, Marauder x3  
  181  24:12  Marine  
  193  24:39  Siege Tank  
  169  24:55  Marine x2  
  169  24:56  Marine x2  
  169  24:57  Marine x5, Marauder x3  
  172  25:00  Siege Tank x4  
  184  25:11  Siege Tank  
  187  25:22  Refinery  
  187  25:27  Refinery  
  186  25:51  Marine  
  186  25:52  Marine x3  
  186  25:53  Marine x4, Marauder x3  
Show
View Real Time Build Order
Export as new Build Order

bAalTa Terran 

Build Orders:  

Get SALT Encoding   

  12  0:01  SCV  
  13  0:13  SCV  
  14  0:23  Supply Depot  
  14  0:34  Supply Depot  
  14  0:36  SCV  
  15  0:48  SCV  
  16  0:50  Barracks  
  16  0:57  Refinery  
  16  1:00  SCV  
  17  1:07  Refinery  
  17  1:12  SCV  
  18  1:39  Supply Depot  
  18  1:43  Bunker  
  18  1:44  Marine  
  19  2:02  Marine  
  19  2:04  Engineering Bay  
  19  2:05  SCV  
  21  2:17  SCV  
  21  2:20  Marine  
  24  2:30  SCV  
  24  2:36  Bunker  
  24  2:38  Marine  
  24  2:42  SCV  
  24  2:43  Factory  
  26  2:54  SCV  
  27  3:06  SCV  
  27  3:07  Bunker  
  27  3:10  Marine  
  29  3:18  SCV  
  29  3:19  Terran Infantry Weapons Level 1  
  30  3:28  Marine  
  30  3:30  Factory Tech Lab  
  30  3:31  Missile Turret  
  31  3:36  Supply Depot  
  31  3:41  Starport  
  31  3:46  Marine  
  32  4:03  Supply Depot  
  32  4:04  Marine  
  33  4:10  Siege Tank  
  36  4:24  Missile Turret  
  36  4:26  Supply Depot  
  36  4:29  Starport Tech Lab  
  36  4:42  Armory  
  36  4:59  Missile Turret  
  36  5:14  Hi-Sec Auto Tracking, Marine  
  36  5:19  Missile Turret  
  36  5:20  Banshee  
  40  5:22  Cloaking Field  
  40  5:32  Marine, Missile Turret  
  41  5:41  Sensor Tower  
  41  5:50  Marine  
  41  5:54  Sensor Tower  
  42  6:07  Command Center  
  42  6:20  Banshee  
  45  6:26  Siege Tank  
  48  6:36  Missile Turret  
  48  6:57  Missile Turret  
  48  7:01  SCV  
  48  7:02  Banshee  
  48  7:08  Refinery  
  52  7:14  SCV, Terran Ship Weapons Level 1  
  53  7:26  SCV  
  53  7:28  Starport  
  54  7:35  Missile Turret  
  54  7:37  Infernal Pre-Igniter  
  54  7:40  Terran Infantry Weapons Level 2  
  54  7:50  Banshee  
  57  7:57  Missile Turret  
  57  7:58  Barracks Tech Lab  
  57  8:08  Siege Tank  
  60  8:17  Starport Tech Lab  
  60  8:24  Fusion Core  
  60  8:43  Missile Turret  
  60  8:55  Refinery  
  53  9:20  SCV  
  54  9:27  Marine  
  55  9:32  SCV  
  56  9:44  SCV  
  56  9:45  Marine  
  58  9:48  Supply Depot  
  58  9:51  Bunker  
  58  9:57  SCV  
  59  10:02  Marine  
  60  10:07  Battlecruiser  
  60  10:09  SCV  
  60  10:10  Supply Depot, Battlecruiser  
  73  10:20  Marine  
  74  10:28  Missile Turret  
  74  10:33  Missile Turret  
  74  10:38  Marine  
  74  10:41  Missile Turret  
  75  11:01  Siege Tank  
  78  11:04  Missile Turret  
  78  11:16  Banshee x2  
  84  11:30  Missile Turret  
  78  11:33  Siege Tank  
  67  12:41  Bunker  
  67  12:52  Supply Depot  
  67  12:58  SCV  
  68  13:10  SCV  
  69  13:14  Battlecruiser  
  69  13:16  Supply Depot, Marine  
  69  13:17  Missile Turret  
  76  13:22  Neosteel Armor  
  76  13:23  SCV  
  76  13:25  Terran Ship Weapons Level 2  
  77  13:34  Marine  
  77  13:38  SCV, Battlecruiser  
  85  13:50  SCV  
  85  13:54  Missile Turret  
  86  13:58  Missile Turret  
  86  14:08  Supply Depot  
  86  14:26  Bunker  
  86  14:29  SCV, Marine, Battlecruiser  
  86  14:31  Missile Turret  
  94  14:47  Supply Depot  
  94  14:50  Missile Turret  
  94  14:58  Missile Turret  
  94  15:09  SCV, Marine, Battlecruiser  
  94  15:10  Supply Depot  
  102  15:31  Marine  
  102  15:32  SCV  
  102  15:34  Missile Turret  
  104  15:44  SCV  
  104  15:49  Marine  
  106  15:56  SCV, Missile Turret  
  107  16:07  Marine  
  107  16:08  SCV  
  109  16:12  Command Center  
  109  16:17  Missile Turret  
  109  16:25  Marine  
  110  16:38  Missile Turret  
  110  16:59  Missile Turret  
  110  17:05  Refinery  
  110  17:11  Refinery  
  110  17:24  Battlecruiser x2  
  110  17:29  Supply Depot  
  122  17:52  Missile Turret  
  122  17:53  Supply Depot, Refinery  
  122  18:01  Missile Turret  
  122  18:02  Planetary Fortress  
  122  18:06  SCV  
  123  18:15  Supply Depot  
  123  18:17  Siege Tank  
  123  18:18  SCV  
  127  18:25  Bunker  
  127  18:28  Battlecruiser  
  127  18:30  SCV  
  134  18:39  Missile Turret  
  134  18:43  Planetary Fortress  
  134  18:48  Orbital Command  
  134  18:49  Siege Tank  
  137  18:59  Missile Turret  
  137  19:21  Missile Turret  
  137  19:22  Missile Turret  
  137  19:35  Missile Turret  
  137  19:44  SCV  
  138  19:50  Battlecruiser  
  144  19:53  Missile Turret  
  144  19:56  SCV  
  145  20:00  Missile Turret  
  145  20:04  Supply Depot  
  145  20:09  SCV  
  146  20:21  SCV  
  147  20:25  Missile Turret  
  147  20:26  Battlecruiser  
  153  20:31  Missile Turret  
  153  20:52  Missile Turret  
  153  20:53  SCV  
  153  20:54  Missile Turret  
  154  21:06  SCV  
  155  21:18  SCV  
  156  21:26  Supply Depot, Missile Turret  
  156  21:30  SCV, Missile Turret  
  157  21:33  Hyperflight Rotors  
  157  21:47  Missile Turret  
  157  21:48  Battlecruiser  
  157  21:49  Missile Turret  
  157  21:50  Supply Depot  
  163  22:02  SCV  
  163  22:08  Terran Ship Weapons Level 3  
  164  22:10  Weapon Refit  
  164  22:11  Battlecruiser  
  164  22:12  Terran Infantry Weapons Level 3  
  164  22:14  SCV  
  171  22:16  Interference Matrix  
  171  22:18  Combat Shield  
  171  22:20  Marine  
  172  22:26  SCV  
  173  23:37  Battlecruiser  
  173  23:38  Marine  
  173  23:39  SCV  
  145  23:51  SCV, Viking  
  136  23:56  Marine  
  131  24:14  Marine  
  132  24:21  Viking  
  134  24:24  Thor  
  136  24:32  Marine  
  136  24:41  Viking  
  136  24:45  Terran Vehicle Weapons Level 1  
  133  24:49  Terran Infantry Armor Level 1  
  133  24:51  Viking  
  123  25:05  Missile Turret  
  123  25:07  Thor  
  123  25:09  Missile Turret  
  123  25:11  Viking  
  131  25:17  Bunker  
  131  25:21  Viking  
  133  25:22  Missile Turret  
  133  25:30  Missile Turret  
  133  25:41  Viking  
  135  25:44  Missile Turret  
  134  25:51  Viking  
  136  25:59  Missile Turret  
  134  26:10  Viking  
Tags
 
League
Bronze
Matchup
TvT
Race
Terran
Spawn Locations
Cross Positions
Add a new tag
Caveats
  • Supply blocks, unpowered buildings, or Contaminate may cause inaccurate times.
  • Supply counts are checked every 10 seconds.